 Dungeon Crawl Stone Soup version 0.17.1-3-g152610e (webtiles) character file.

282 Zhenya25pyc the Shield-Bearer (level 6, 0/53 HPs)
             Began as a Hill Orc Fighter on Mar 31, 2016.
             Was an Initiate of Makhleb.
             Slain by a worldbinder (6 damage)
             ... on level 1 of the Abyss.
             The game lasted 00:23:56 (3004 turns).

Zhenya25pyc the Shield-Bearer (Hill Orc Fighter)    Turns: 3004, Time: 00:23:58

Health: 0/53       AC: 10    Str: 26    XL:     6   Next: 28%
Magic:  6/6        EV:  7    Int:  8    God:    Makhleb [......]
Gold:   193        SH: 10    Dex: 10    Spells: 0 memorised, 5 levels left

rFire  . . .     SeeInvis .     y - +7 club
rCold  . . .     Clarity  .     i - +0 chain mail
rNeg   . . .     SustAt   .     c - +0 shield
rPois  .         Gourm    .     (no helmet)
rElec  .         Spirit   .     z - +0 cloak
rCorr  .         Warding  .     (no gloves)
rMut   .         Stasis   .     (no boots)
MR     .....                    (no amulet)
Stlth  ..........               (no ring)
                                (no ring)

@: mighty, not resistant to hostile enchantments, extremely unstealthy
A: no striking features
a: Renounce Religion


You were on level 1 of the Abyss.
You worshipped Makhleb.
Makhleb was noncommittal.
You were not hungry.

You visited 1 branch of the dungeon, and saw 3 of its levels.
You visited the Abyss 1 time.

You collected 193 gold pieces.

Inventory:

Hand Weapons
 a - a +0 long sword
 v - a +0 hand crossbow
 x - a +3 quarterstaff of chaos
 y - a +7 club (weapon)
Armour
 c - a +0 shield (worn)
 i - a +0 chain mail (worn)
 z - a +0 cloak (worn)
Scrolls
 g - a scroll of remove curse {unknown}
 j - 2 scrolls of fear {unknown}
 k - 3 scrolls of identify {unknown}
 m - 2 scrolls of blinking {unknown}
 n - a scroll of fog {unknown}
 u - a scroll of amnesia {unknown}
 D - a scroll of teleportation {unknown}
Potions
 b - a potion of heal wounds {unknown}
 f - a potion of cure mutation
 l - a potion of ambrosia {unknown}
 o - a potion of flight {unknown}
 q - a potion of cancellation
Books
 w - a Fen Folio

   Spells                             Type                      Level
   a - Corpse Rot                     Necromancy                   2
   b - Stone Arrow                    Conjuration/Earth            3
   c - Leda's Liquefaction            Hexes/Earth                  4
   d - Summon Forest                  Summoning/Translocation      5
   e - Hydra Form                     Transmutation                6
   f - Summon Hydra                   Summoning                    7
Comestibles
 e - 3 bread rations
 h - a meat ration
 r - 6 fruits
 t - a beef jerky


   Skills:
 + Level 4.7 Fighting
 + Level 2.9 Long Blades
 + Level 0.7 Maces & Flails
 + Level 4.3 Armour
 + Level 1.7 Dodging
 + Level 0.5 Stealth
 + Level 5.0 Shields


You had 5 spell levels left.
You didn't know any spells.

Dungeon Overview and Level Annotations

Branches:
Dungeon (3/15)

Altars:
Makhleb
Nemelex Xobeh
Vehumet
Yredelemnul
Zin


Message History

The worldbinder barely misses you.
The worldbinder hits you but does no damage.
You hit the worldbinder.
The worldbinder is heavily damaged.
The orc priest mumbles some strange prayers to Beogh against you.
Something smites you!
* * * LOW HITPOINT WARNING * * *
The worldbinder closely misses you. The worldbinder hits you.
* * * LOW HITPOINT WARNING * * *
The orc priest miscasts a cantrip.
You block the orc priest's attack.
The orc priest hits you but does no damage.
You feel better.
The worldbinder hits you but does no damage.
You block the worldbinder's attack.
The orc priest mumbles some strange prayers to Beogh against you.
Something smites you!
* * * LOW HITPOINT WARNING * * *
The worldbinder hits you.
You die...

.### ## ... ##.#
# ..### ..# .#.
#.... ?..
#...#...###.. .
#..##.....##..#
..#..##oxo.....#
#......@o#
###.....#.#
#....## #
#.#...#
......#..#
.##.....##
#####.# #.. ###


You could see a worldbinder and 3 orc priests.

Vanquished Creatures
  A sky beast (D:3)
  Crazy Yiuf (D:3)
  Ijyb (D:3)
  Terence (D:3)
  Natasha (thrice) (D:3)
  An adder (D:2)
  An ooze (D:2)
  A worm (D:2)
  2 giant geckos
  An orc (D:3)
  5 giant cockroaches
  5 goblins
  6 hobgoblins
  11 kobolds
  A quokka (D:2)
  3 ball pythons
  9 bats
  3 rats
56 creatures vanquished.

Notes
Turn   | Place    | Note
--------------------------------------------------------------
     0 | D:1      | Zhenya25pyc the Hill Orc Fighter began the quest for the Orb.
     0 | D:1      | Reached XP level 1. HP: 19/19 MP: 1/1
   159 | D:1      | Reached XP level 2. HP: 14/27 MP: 2/2
   582 | D:1      | Reached XP level 3. HP: 33/33 MP: 3/3
  1005 | D:2      | Reached skill level 4 in Shields
  1122 | D:2      | Reached skill level 1 in Dodging
  1142 | D:2      | Found a sparkling altar of Nemelex Xobeh.
  1173 | D:2      | Became a worshipper of Nemelex Xobeh the Trickster
  1359 | D:3      | Reached XP level 4. HP: 35/40 MP: 4/4
  1366 | D:3      | Received a gift from Nemelex Xobeh
  1424 | D:3      | Noticed Natasha
  1441 | D:3      | Killed Natasha
  1486 | D:3      | Noticed Ijyb
  1504 | D:3      | Killed Ijyb
  1822 | D:3      | Found a radiant altar of Vehumet.
  1854 | D:3      | Reached XP level 5. HP: 46/46 MP: 5/5
  1915 | D:3      | Noticed a sky beast
  1929 | D:3      | Noticed Natasha
  1930 | D:3      | Killed a sky beast
  1933 | D:3      | Killed Natasha
  2221 | D:3      | Noticed Natasha
  2228 | D:3      | Killed Natasha
  2282 | D:3      | Found a basalt altar of Yredelemnul.
  2305 | D:3      | Noticed Terence
  2320 | D:3      | Killed Terence
  2320 | D:3      | Reached XP level 6. HP: 32/53 MP: 6/6
  2550 | D:3      | Found a burning altar of Makhleb.
  2550 | D:3      | Found a glowing silver altar of Zin.
  2551 | D:3      | Noticed an angel
  2551 | D:3      | Noticed a cacodemon
  2600 | D:3      | Fell from the grace of Nemelex Xobeh
  2613 | D:3      | Became a worshipper of Makhleb the Destroyer
  2678 | D:3      | Noticed Crazy Yiuf
  2684 | D:3      | Killed Crazy Yiuf
  2684 | D:3      | Reached skill level 5 in Shields
  2981 | D:3      | Cast into the Abyss (drawing a card)
  2997 | Abyss:1  | Noticed a worldbinder
  3004 | Abyss:1  | Slain by a worldbinder

Action                   |  1- 3 |  4- 6 || total
-------------------------+-------+-------++-------
Melee: Long sword        |   143 |       ||   143
       Falchion          |       |    25 ||    25
       Club              |       |    65 ||    65
Invok: Renounce Religion |       |     1 ||     1
  Use: Potion            |       |     5 ||     5
  Eat: Chunk             |     2 |     2 ||     4
       Meat ration       |       |     1 ||     1
